 Dungeon Crawl Stone Soup version 0.27-a0-1322-gfdffb62a71 (webtiles) character file.

Game seed: 2316505359567845780

193664 dinky3 the Severer (level 18, -4/155 HPs)
             Began as a Formicid Fighter on June 23, 2021.
             Was a High Priest of Okawaru.
             Slain by a merfolk impaler (17 damage)
             ... on level 4 of the Shoals.
             The game lasted 01:07:14 (9841 turns).

dinky3 the Severer (Formicid Fighter)               Turns: 9841, Time: 01:07:15

Health: -4/155     AC: 27    Str: 27    XL:     18   Next: 96%
Magic:  23/27      EV: 10    Int: 10    God:    Okawaru [*****.]
Gold:   51         SH: 15    Dex:  6    Spells: 14/17 levels left

rFire    + + .     SeeInvis +   a - +6 executioner's axe of Division {flame, Str+2}
rCold    + . .     Faith    .   c - +0 kite shield
rNeg     + + .     Spirit   .   i - +1 chain mail of Fortitude {Regen+ Dex-5 Slay+5 Stlth+}
rPois    +         Reflect  .   (helmet unavailable)
rElec    .         Harm     .   J - +2 ratskin cloak {*Rats rPois rN+ Str-1 Int-1 Dex+1}
rCorr    .         Rampage  .   x - +2 pair of gloves
Will     ++...                  z - +2 pair of boots
Stlth    +.........             g - amulet "Acrunt" {rN+ Regen+ SInv Stlth+}
HPRegen  2.35/turn              O - ring of protection from cold
MPRegen  0.20/turn              Y - ring of Kuxtufosoi {rF++ Will+}

@: mighty, heroic, finesse-ful, attractive
A: permanent stasis, dig shafts and tunnels, antennae 3, four strong arms
}: 1/15 runes: serpentine
a: Dig, Shaft Self, Renounce Religion, Heroism, Finesse


You were on level 4 of the Shoals.
You worshipped Okawaru.
Okawaru was extremely pleased with you.
You visited 6 branches of the dungeon, and saw 32 of its levels.

You collected 1971 gold pieces.
You spent 1920 gold pieces at shops.

Inventory:

Hand Weapons
 a - the +6 executioner's axe of Division (weapon) {flame, Str+2}
   (You acquired it on level 5 of the Dungeon)

   It has been specially enchanted to burn those struck by it, causing extra
   injury to most foes and up to half again as much damage against particularly
   susceptible opponents.
   Big, fiery blades are also staple armaments of hydra-hunters.
   It affects your strength (+2).
 b - a +1 trident of distortion
 s - a +1 battleaxe of flaming
Missiles
 t - 33 boomerangs (quivered)
 A - 5 throwing nets
 U - 2 curare-tipped darts
 V - 7 javelins
Armour
 c - a +0 kite shield (worn)
 i - the +1 chain mail of Fortitude (worn) {Regen+ Dex-5 Slay+5 Stlth+}
   (You bought it in a shop on level 1 of the Shoals)

   It affects your dexterity (-5).
   It affects your accuracy and damage with ranged weapons and melee attacks
   (+5).
   It increases your rate of health regeneration.
   It makes you more stealthy.
 n - a +0 cloak
 u - a +1 plate armour of willpower
 x - a +2 pair of gloves (worn)
 z - a +2 pair of boots (worn)
 J - the +2 ratskin cloak (worn) {*Rats rPois rN+ Str-1 Int-1 Dex+1}
   (You found it on level 1 of the Shoals)

   It affects your strength (-1).
   It affects your intelligence (-1).
   It affects your dexterity (+1).
   It protects you from poison.
   It protects you from negative energy.
 Q - the +6 plate armour of Keres {rC+ rN+ Str+7 Stlth-}
   (Okawaru gifted it to you on level 2 of the Snake Pit)

   It affects your strength (+7).
   It protects you from cold.
   It protects you from negative energy.
   It makes you less stealthy.
 Z - a +2 chain mail of fire resistance
Jewellery
 d - an amulet of faith
 g - the amulet "Acrunt" (around neck) {rN+ Regen+ SInv Stlth+}
   (You acquired it on level 10 of the Dungeon)

   [amulet of regeneration]

   It protects you from negative energy.
   It lets you see invisible.
   It increases your rate of health regeneration.
   It makes you more stealthy.
 q - the ring "Zoigrent" {Will+ rCorr MP+9}
   (You bought it in a shop on level 2 of the Orcish Mines)

   [ring of magical power]

   It affects your magic capacity (+9).
   It protects you from acid and corrosion.
   It increases your willpower.
 C - a +4 ring of protection
 G - a +6 ring of strength
 H - a ring of flight
 O - a ring of protection from cold (left hand)
 Y - the ring of Kuxtufosoi (right hand) {rF++ Will+}
   (You acquired it on level 2 of the Snake Pit)

   [ring of willpower]

   It greatly protects you from fire.
   It increases your willpower.
Wands
 f - a wand of iceblast (26)
 m - a wand of mindburst (21)
 w - a wand of flame (52)
 y - a wand of digging (5)
 L - a wand of polymorph (9)
Scrolls
 k - a scroll of fog
 l - 4 scrolls of vulnerability
 o - a scroll of identify
 p - 2 scrolls of amnesia
 F - 3 scrolls of enchant weapon
 I - a scroll of brand weapon
 N - a scroll of magic mapping
 S - a scroll of holy word
Potions
 h - 5 potions of lignification
 j - a potion of brilliance
 B - a potion of haste {unknown}
 E - 3 potions of mutation
 K - 3 potions of attraction
 M - 4 potions of curing
 R - a potion of magic {unknown}
 T - a potion of berserk rage {unknown}
 W - 2 potions of resistance
 X - 2 potions of cancellation


   Skills:
 + Level 17.2(22.2) Fighting
 + Level 19.9(24.9) Axes
 + Level 13.1(18.1) Armour
 + Level 13.3(18.3) Shields
 + Level 12.7 Invocations


You had 14 spell levels left.
You knew the following spells:

 Your Spells              Type           Power      Damage    Failure   Level
a - Tukima's Dance        Hex            0%         N/A       98%         3

Your spell library contained the following spells:

 Spells                   Type           Power      Damage    Failure   Level
 Corona                   Hex            0%         N/A       77%         1
 Foxfire                  Conj/Fire      0%         2x1d4     77%         1
 Shock                    Conj/Air       0%         1d3       77%         1
 Sting                    Tmut/Pois      0%         1d3       77%         1
 Ensorcelled Hibernation  Hex/Ice        0%         N/A       88%         2
 Poisonous Vapours        Pois/Air       0%         N/A       88%         2
 Static Discharge         Conj/Air       0%         N/A       88%         2
 Confusing Touch          Hex            0%         N/A       98%         3
 Conjure Flame            Conj/Fire      0%         6-21      98%         3
 Dazzling Flash           Conj/Hex       0%         N/A       98%         3
 Ignite Poison            Fire/Tmut/Pois 0%         N/A       98%         3
 Inner Flame              Hex/Fire       0%         N/A       98%         3
 Mephitic Cloud           Conj/Pois/Air  0%         N/A       98%         3
 Airstrike                Air            0%         N/A       100%        4
 Olgreb's Toxic Radiance  Pois           0%         N/A       100%        4
 Sticky Flame             Conj/Fire      0%         2d3       100%        4
 Fireball                 Conj/Fire      0%         3d3       100%        5
 Freezing Cloud           Conj/Ice/Air   0%         6-21      100%        5
 Lightning Bolt           Conj/Air       0%         1d11      100%        5
 Swiftness                Air            Unusable   N/A       N/A         3

Dungeon Overview and Level Annotations

Branches:
Dungeon (15/15)            Temple (1/1) D:4            Lair (6/6) D:10
 Shoals (4/4) Lair:4        Snake (4/4) Lair:4        Slime (0/5) Lair:5
    Orc (2/2) D:11         Depths (0/5) D:15
    Elf: Orc:2       Vaults: D:13-14

Altars:
Cheibriados
Dithmenos
Fedhas
Gozag
Nemelex Xobeh
Okawaru
Qazlal
Trog
Uskayaw
Xom
Beogh

Shops:
D:7 (   Orc:1 *:   Orc:2 [!=(   Shoals:1 [   Snake:1 (   Snake:4 :

Annotations:
D:4 Eustachio
D:7 Harold
Snake:1 2 transporters, Soawkar's ghost, adept GrFi


Innate Abilities, Weirdness & Mutations

You cannot be hasted, slowed, berserked, paralysed or teleported.
You can dig through walls and to a lower floor.
You have a pair of large antennae on your head. (SInv)
Your four strong arms can wield two-handed weapons with a shield.


Message History

* * * LOW HITPOINT WARNING * * *
The merfolk impaler freezes you.
* * * LOW HITPOINT WARNING * * *
The merfolk impaler barely misses you.
The merfolk impaler hits you but does no damage.
Unknown command.
You feel very mighty all of a sudden.
The merfolk javelineer throws a silver javelin.
The silver javelin pierces through you!
* * * LOW HITPOINT WARNING * * *
A hell rat scurries out from under your cloak.
* * * LOW HITPOINT WARNING * * *
The silver javelin pierces through your hell rat!
The merfolk impaler hits you with a +0 demon trident of freezing.
* * * LOW HITPOINT WARNING * * *
You block the merfolk impaler's attack. x2
Unknown command.
Okay, then.
Casting: Tukima's Dance (dangerous; 98% risk of failure)
Confirm with . or Enter, or press ? or * to list all spells.
Okay, then.
Okay, then.
Unknown command.
Okay, then.
Unknown command.
Really quaff the potion of attraction?
You feel attractive to monsters.
The merfolk impaler hits your hell rat with a +0 demon trident of freezing!!
The merfolk impaler freezes your hell rat.
Your hell rat dies!
You block the merfolk impaler's attack. x2
The merfolk javelineer hits you with a +0 spear!
* * * LOW HITPOINT WARNING * * *
The merfolk impaler hits you with a +0 demon trident of freezing!
* * * LOW HITPOINT WARNING * * *
The merfolk impaler freezes you.
* * * LOW HITPOINT WARNING * * *
You block the merfolk impaler's attack.
The merfolk impaler hits you from afar with a +3 trident of protection!
You die...

.....#######≈.≈≈≈≈≈≈.##
≈.
...##)≈#≈#≈≈##.≈≈≈≈≈..#
. ...##.≈≈≈≈≈≈#..≈≈≈≈≈.#
...##≈)#≈#≈###.≈≈≈≈≈.##
...≈##≈≈|≈≈≈##≈≈≈≈≈≈..#
.).###≈#≈#≈##≈≈≈≈≈≈≈.##
..[.#.≈≈≈≈≈≈##≈m≈≈≈≈.≈#≈
....##≈###≈###.≈m......#
.....### ###..).@mm$...#
.....# #.........E..
...≈≈≈ ....≈≈.....$....
≈≈≈≈≈≈≈≈≈.......
≈≈≈≈≈≈≈≈≈≈≈≈≈....
≈≈≈≈≈≈≈≈≈≈≈≈≈≈≈≈≈
≈≈≈≈≈≈≈≈≈≈≈≈≈≈≈≈≈
≈≈≈≈≈≈≈≈≈≈≈≈≈≈≈≈


You could see 3 merfolk impalers, a merfolk javelineer and a water elemental.

Vanquished Creatures
  Bai Suzhen (Snake:2)
  Rupert (Lair:4)
  3 nagarajas
  Donald (Snake:2)
  Kirke (Lair:6)
  A frost giant (Shoals:4)
  Aizul (Snake:1)
  An orc warlord (Orc:2)
  Nessos (D:12)
  2 merfolk javelineers (Shoals:4)
  4 merfolk impalers
  Snorg (D:11)
  An ettin (Orc:1)
  The ghost of atabob the Carver, a journeyman DsAK of Lugonu (Lair:3)
  5 hydras
  10 naga warriors
  4 salamander tyrants (Snake:4)
  2 boulder beetles
  3 two-headed ogres
  Erica (Orc:1)
  18 anacondas
  A merfolk aquamancer (Shoals:4)
  14 naga sharpshooters
  6 shock serpents
  A fire crab (Lair:5)
  10 salamander mystics
  4 sea snakes (Shoals:4)
  5 lindwurms
  11 naga ritualists
  6 harpies
  A deep elf pyromancer (D:13)
  Pikel (D:4)
  15 orc knights
  A wolf spider (D:15)
  3 orc sorcerers
  12 mana vipers
  2 oklob plants (Lair:4)
  4 fauns (Shoals:1)
  An ugly thing (D:13)
  5 cyclopes
  6 manticores
  9 elephants
  6 merfolk sirens
  38 salamanders
  2 centaur zombies
  A black mamba (shapeshifter) (D:15)
  8 cane toads
  31 black mambas
  6 guardian serpents
  14 naga magi
  2 rime drakes (Lair:6)
  6 komodo dragons
  5 kobold demonologists
  3 polar bears
  3 meliai (D:12)
  15 merfolk
  4 trolls
  2 wind drakes (Shoals:4)
  18 blink frogs
  Prince Ribbit (D:6)
  6 hornets
  4 snapping turtles (Shoals:4)
  4 dream sheep (Lair:6)
  A slime creature (D:11)
  12 spriggans
  2 water elementals (Shoals:3)
  3 shadows
  A wraith (D:12)
  3 wyverns
  2 vampires
  4 basilisks
  3 hogs (Lair:6)
  22 yaks
  4 fire bats (Orc:1)
  2 steam dragons
  38 nagas
  Menkaure (D:4)
  2 acid dragons
  6 wargs
  Edmund (D:4)
  7 water moccasins
  48 orc warriors
  A sky beast (D:5)
  A swamp drake (D:11)
  9 black bears
  4 boggarts (Lair:6)
  9 ogres
  32 wolves
  4 centaurs
  3 lemures (D:4)
  4 bullfrogs
  5 kobold brigands
  3 gnoll sergeants
  A scorpion (D:5)
  A water moccasin skeleton (D:5)
  3 killer bees (D:8)
  2 howler monkeys
  4 wights (D:8)
  A bullfrog zombie (D:5)
  13 jellies (Lair:5)
  3 lava snakes (Snake:4)
  6 orc priests
  2 hounds
  5 iguanas
  8 orc wizards
  Robin (D:2)
  A howler monkey skeleton (D:6)
  11 gnolls
  2 adders
  A white imp (D:8)
  An ufetubus (D:6)
  A worm (D:2)
  3 dart slugs
  70 orcs
  8 ball pythons
  A bat (D:3)
  4 endoplasms
  A giant cockroach (D:4)
  12 goblins
  8 hobgoblins
  2 frilled lizards (D:2)
  17 kobolds
  3 rats
793 creatures vanquished.

Vanquished Creatures (others)
  A salamander mystic (Snake:4)
  21 fungi
  62 plants
  8 toadstools (D:5)
92 creatures vanquished.

Grand Total: 885 creatures vanquished

Notes
Turn   | Place    | Note
-------+----------+-------------------------------------------
     0 | D:1      | dinky3 the Formicid Fighter began the quest for the Orb.
     0 | D:1      | Reached XP level 1. HP: 18/18 MP: 1/1
    94 | D:1      | Reached XP level 2. HP: 24/24 MP: 2/2
   226 | D:2      | Reached XP level 3. HP: 24/29 MP: 3/3
   229 | D:2      | Noticed Robin
   246 | D:2      | Killed Robin
   247 | D:2      | Reached skill level 3 in Axes
   262 | D:2      | Reached XP level 4. HP: 10/37 MP: 4/4
   496 | D:4      | Found a shadowy altar of Dithmenos.
   556 | D:4      | Noticed Eustachio
   556 | D:4      | Noticed Edmund
   566 | D:4      | HP: 1/37 [Eustachio (7)]
   613 | D:4      | Noticed a lemure
   738 | D:4      | Noticed Pikel
   753 | D:4      | You fall into a shaft and drop 1 floor!
   753 | D:5      | Entered Level 5 of the Dungeon
   781 | D:5      | HP: 1/37 [hornet zombie (9)]
   784 | D:5      | You fall into a shaft and drop 3 floors!
   961 | D:7      | Noticed Harold
  1093 | D:4      | Noticed an ogre
  1109 | D:5      | Reached XP level 5. HP: 22/42 MP: 5/5
  1117 | D:5      | Identified a scroll of acquirement
  1117 | D:5      | Acquired the +6 executioner's axe of Division {flame,
                  | Str+2}
  1138 | D:5      | Reached skill level 4 in Axes
  1165 | D:5      | Noticed a sky beast
  1172 | D:5      | Killed a sky beast
  1173 | D:5      | Reached XP level 6. HP: 38/50 MP: 6/6
  1178 | D:5      | Reached skill level 5 in Axes
  1186 | D:5      | Reached skill level 5 in Fighting
  1253 | D:4      | Reached skill level 11 in Axes
  1253 | D:4      | Reached XP level 7. HP: 50/64 MP: 7/7
  1254 | D:4      | Reached skill level 10 in Fighting
  1254 | D:4      | Reached skill level 12 in Axes
  1254 | D:4      | Reached XP level 8. HP: 58/74 MP: 8/8
  1280 | D:4      | Found a staircase to the Ecumenical Temple.
  1286 | D:4      | Reached XP level 9. HP: 68/79 MP: 9/9
  1290 | D:4      | Noticed Menkaure
  1307 | D:4      | Killed Menkaure
  1337 | D:4      | Killed Pikel
  1346 | D:4      | Killed Edmund
  1355 | Temple   | Entered the Ecumenical Temple
  1359 | Temple   | Became a worshipper of Warmaster Okawaru
  1377 | D:4      | You fall into a shaft and drop 2 floors!
  1575 | D:6      | Noticed Prince Ribbit
  1584 | D:6      | Killed Prince Ribbit
  1584 | D:6      | Reached * piety under Okawaru
  1808 | D:8      | Reached XP level 10. HP: 77/88 MP: 10/10
  1845 | D:8      | Reached skill level 1 in Invocations
  2077 | D:8      | Reached ** piety under Okawaru
  2144 | D:7      | Found Murraroc's Weapon Boutique.
  2419 | D:9      | Found an opulent altar of Gozag.
  2466 | D:9      | Reached skill level 13 in Axes
  2532 | D:10     | Entered Level 10 of the Dungeon
  2628 | D:10     | Found a bloodstained altar of Trog.
  2649 | D:10     | Reached *** piety under Okawaru
  2655 | D:10     | Acquired the amulet "Acrunt" {rN+ Regen+ SInv Stlth+}
  2686 | D:10     | Found a snail-covered altar of Cheibriados.
  2712 | D:11     | Noticed a cyclops
  2724 | D:11     | Killed a cyclops
  2724 | D:11     | Noticed a manticore
  2725 | D:11     | Reached XP level 11. HP: 93/93 MP: 11/13
  2728 | D:11     | Killed a manticore
  2800 | D:11     | Noticed a soul eater
  2986 | D:12     | Noticed a cyclops
  2993 | D:12     | Killed a cyclops
  3029 | D:13     | Noticed a boulder beetle
  3164 | D:12     | Noticed Nessos
  3181 | D:12     | Killed Nessos
  3182 | D:12     | Reached skill level 14 in Axes
  3235 | D:12     | Reached **** piety under Okawaru
  3239 | D:12     | Reached XP level 12. HP: 102/102 MP: 12/15
  3574 | D:9      | Found a sparkling altar of Nemelex Xobeh.
  3717 | D:9      | You fall into a shaft and drop 1 floor!
  3722 | D:10     | Found a staircase to the Lair.
  3737 | D:10     | Reached skill level 10 in Shields
  3748 | Lair:1   | Entered Level 1 of the Lair of Beasts
  3761 | Lair:1   | You fall into a shaft and drop 1 floor!
  3802 | Lair:2   | Identified the +5 ring mail of the Turtledove {rPois}
  3876 | Lair:2   | Noticed an eight-headed hydra
  3882 | Lair:2   | Killed a five-headed hydra
  4020 | Lair:3   | Reached ***** piety under Okawaru
  4031 | Lair:3   | Reached skill level 15 in Axes
  4059 | Lair:3   | Noticed a boulder beetle
  4114 | Lair:4   | Noticed Rupert
  4128 | Lair:4   | Killed Rupert
  4128 | Lair:4   | Received a gift from Okawaru
  4129 | Lair:4   | Reached XP level 13. HP: 111/111 MP: 9/16
  4152 | Lair:3   | Reached skill level 5 in Invocations
  4171 | Lair:4   | You fall into a shaft and drop 2 floors!
  4171 | Lair:6   | Entered Level 6 of the Lair of Beasts
  4174 | Lair:6   | Noticed a five-headed hydra
  4284 | Lair:6   | Reached skill level 5 in Armour
  4396 | Lair:6   | Noticed Kirke
  4417 | Lair:6   | Killed Kirke
  4418 | Lair:6   | Reached skill level 16 in Axes
  4421 | Lair:6   | Noticed a four-headed hydra
  4425 | Lair:6   | Killed a three-headed hydra
  4443 | Lair:6   | Reached XP level 14. HP: 118/118 MP: 14/19
  4535 | Lair:6   | Received a gift from Okawaru
  4693 | Lair:5   | Found a staircase to the Slime Pits.
  4804 | Lair:5   | Learned a level 3 spell: Tukima's Dance
  4829 | Lair:4   | Found a staircase to the Snake Pit.
  4877 | Lair:3   | Found a runed translucent gate.
  4877 | Lair:3   | Found a runed translucent gate.
  4877 | Lair:3   | Found a runed translucent gate.
  4882 | Lair:3   | Noticed atabob's ghost (journeyman DsAK)
  4893 | Lair:3   | Killed atabob's ghost
  4952 | Lair:3   | Received a gift from Okawaru
  5094 | Lair:1   | You fall into a shaft and drop 1 floor!
  5220 | D:10     | You fall into a shaft and drop 2 floors!
  5223 | D:12     | You fall into a shaft and drop 1 floor!
  5226 | D:13     | You fall into a shaft and drop 2 floors!
  5226 | D:15     | Entered Level 15 of the Dungeon
  5256 | D:15     | Found a staircase to the Depths.
  5390 | D:13     | Received a gift from Okawaru
  5498 | D:11     | Noticed Snorg
  5515 | D:11     | Killed Snorg
  5607 | D:11     | Found a staircase to the Orcish Mines.
  5639 | Orc:1    | Entered Level 1 of the Orcish Mines
  5645 | Orc:1    | Found Zoohy's Book Shop.
  5698 | Orc:1    | Identified the +8 hand axe of Kuzah {vorpal, rCorr}
                  | (Okawaru gifted it to you on level 1 of the Orcish Mines)
  5698 | Orc:1    | Received a gift from Okawaru
  5699 | Orc:1    | Reached skill level 17 in Axes
  5712 | Orc:1    | Reached XP level 15. HP: 104/127 MP: 16/21
  5720 | Orc:1    | Found Ihued's Assorted Antiques.
  5737 | Orc:1    | Bought a metallic golden potion for 17 gold pieces
  5737 | Orc:1    | Bought a glowing plate armour for 494 gold pieces
  5737 | Orc:1    | Bought a potion of curing for 57 gold pieces
  5737 | Orc:1    | Bought a scroll of enchant armour for 142 gold pieces
  5737 | Orc:1    | Bought a potion of attraction for 57 gold pieces
  5748 | Orc:2    | Entered Level 2 of the Orcish Mines
  5860 | Orc:2    | Noticed an orc warlord
  5871 | Orc:2    | Killed an orc warlord
  5910 | Orc:2    | Found Vanaryz's Jewellery Boutique.
  5928 | Orc:2    | Found Issyi's Weapon Emporium.
  5983 | Orc:2    | Found Tudie's Antique Armour Boutique.
  5993 | Orc:2    | Identified the +6 hand axe of Burning Guile {drain, rPois}
                  | (Okawaru gifted it to you on level 2 of the Orcish Mines)
  5993 | Orc:2    | Received a gift from Okawaru
  6001 | Orc:2    | Found Equwk's Distillery.
  6088 | Orc:2    | Bought the ring "Zoigrent" {Will+ rCorr MP+9} for 496 gold
                  | pieces
  6144 | Orc:1    | Noticed Erica
  6157 | Orc:1    | Killed Erica
  6274 | Orc:2    | Bought a potion of heal wounds for 75 gold pieces
  6274 | Orc:2    | Bought a potion of attraction for 45 gold pieces
  6274 | Orc:2    | Bought a potion of attraction for 45 gold pieces
  6274 | Orc:2    | Bought a potion of heal wounds for 75 gold pieces
  6427 | Lair:2   | You fall into a shaft and drop 1 floor!
  6480 | Lair:3   | You fall into a shaft and drop 1 floor!
  6544 | Lair:5   | Reached skill level 10 in Invocations
  6620 | Lair:4   | Found a blossoming altar of Fedhas.
  6715 | Snake:1  | Entered Level 1 of the Snake Pit
  6715 | Snake:1  | Found a transporter.
  6715 | Snake:1  | Noticed Aizul
  6737 | Snake:1  | Reached skill level 15 in Fighting
  6741 | Snake:1  | Killed Aizul
  6741 | Snake:1  | Reached ****** piety under Okawaru
  6750 | Snake:1  | Noticed Soawkar's ghost (adept GrFi)
  6752 | Snake:1  | Found a transporter.
  6767 | Snake:1  | Reached skill level 18 in Axes
  6835 | Snake:1  | Found Idumm's Weapon Boutique.
  6852 | Snake:1  | Reached XP level 16. HP: 133/136 MP: 16/23
  6997 | Snake:3  | Noticed a nagaraja
  7111 | Snake:2  | Reached skill level 10 in Armour
  7267 | Snake:2  | Acquired the ring of Kuxtufosoi {rF++ Will+}
  7318 | Snake:2  | Received a gift from Okawaru
  7469 | Snake:3  | Noticed Bai Suzhen
  7469 | Snake:3  | Noticed Donald
  7533 | Snake:2  | Killed Bai Suzhen
  7548 | Snake:2  | Killed Donald
  7549 | Snake:2  | Reached skill level 19 in Axes
  7570 | Snake:2  | Identified the +6 plate armour of Keres {rC+ rN+ Str+7
                  | Stlth-} (Okawaru gifted it to you on level 2 of the Snake
                  | Pit)
  7570 | Snake:2  | Received a gift from Okawaru
  7652 | Snake:3  | Killed a nagaraja
  7701 | Snake:2  | Reached XP level 17. HP: 83/144 MP: 19/24
  7865 | Snake:4  | Entered Level 4 of the Snake Pit
  8093 | Snake:4  | Found Nuviuhul's Book Emporium.
  8439 | Snake:4  | Identified the +1 chain mail "Foxtaop" {Int+2} (Okawaru
                  | gifted it to you on level 4 of the Snake Pit)
  8439 | Snake:4  | Received a gift from Okawaru
  8702 | Snake:4  | Reached XP level 18. HP: 147/153 MP: 22/26
  9112 | Snake:4  | Got a serpentine rune of Zot
  9286 | Lair:4   | Found a staircase to the Shoals.
  9307 | Shoals:1 | Entered Level 1 of the Shoals
  9307 | Shoals:1 | Found Qaleg's Armour Boutique.
  9327 | Shoals:1 | Found the +2 ratskin cloak {*Rats rPois rN+ Str-1 Int-1
                  | Dex+1}
  9366 | Shoals:1 | Received a gift from Okawaru
  9457 | Shoals:1 | Bought the +1 chain mail of Fortitude {Regen+ Dex-5 Slay+5
                  | Stlth+} for 417 gold pieces
  9586 | Shoals:4 | Entered Level 4 of the Shoals
  9841 | Shoals:4 | Slain by a merfolk impaler

Illustrated notes

Levels and vault maps discovered:
D:1:      minmay_arrival_loop, layout_basic
D:2:      layout_rooms, uniq_robin
D:3:      layout_loops_corners, zin_treasury, uniq_crazy_yiuf_cottage,
          uniq_natasha
D:4:      layout_loops_ring, nicolae_dithmenos_shadow_blocks,
          minmay_temple_entry_mini_moons, minmay_increasing_density,
          uniq_eustachio, uniq_edmund, uniq_menkaure, uniq_pikel
D:5:      cheibrodos_fertilizer, layout_basic, makhleb_altar_promises_db,
          uniq_sigmund
D:6:      layout_gridville, minmay_unpleasant_kobolds, uniq_prince_ribbit1
D:7:      layout_gridville, serial_shops, nicolae_shop_stone, st_stairs_5,
          mrwooster_statue_mirror, uniq_harold
D:8:      layout_loops_corners, kennysheep_generic_room_8, uniq_grum
D:9:      layout_roguey, old_standard_altar, kennysheep_mini,
          chequers_serial_rivers_small_a, hangedman_decor_points,
          item_on_display_a
D:10:     layout_loops_cross, worldfamousw_hep_ancestral_shrine,
          overflow_temple_1_default, lightli_temple_of_fire, david_lair_shrubbed
D:11:     layout_loops_ring, erik_orc_1, minmay_bent, uniq_snorg
D:12:     layout_roguey [special_room_orc], uniq_nessos
D:13:     layout_irregular_city, serial_co_window_serial, co_window_paths_b,
          co_window_paths_a, co_window_corner_a, co_window_paths_a,
          co_window_paths_b, co_window_of_opportunity_a, co_window_corner_ca,
          co_window_of_opportunity_c, co_window_broadway_c,
          co_window_unsneaky_path_d, co_window_unsneaky_path_e, glass_columns_b,
          glass_columns_a, glass_columns_a, glass_columns_c, st_stairs_1
D:14:     layout_roguey, hangedman_vaults_entry_quadrant_bands,
          nemelex_altar_shiori, uniq_jorgrun, uniq_louise, uniq_josephine
D:15:     hangedman_depths_entry_try_elsewhere_first, layout_rooms,
          minmay_crystal_box
Temple:   zaba_magenta_temple
Lair:1:   layout_cave_shapes, st_stairs_3
Lair:2:   layout_loops_ring
Lair:3:   layout_cellular_growth, gammafunk_ghost_hydra_chop, grunt_megastairs_3
Lair:4:   layout_misc_corridors, elwin_shoals_entry_stream,
          guppyfry_snake_entry_island, chequers_serial_rivers_micro_c,
          hangedman_tree_tricks, grunt_forest_stairs_clearing, uniq_rupert
Lair:5:   layout_cave_pods, minmay_slime_entry_jelly_boxes, minivault_23
Lair:6:   minmay_lair_end_enchanted_forest, layout_small_grid,
          minmay_stone_trees_large, st_stairs_8, infiniplex_staircase_pool_2,
          uniq_kirke
Shoals:1: layout_shoals, serial_shops, shop
Shoals:2: layout_shoals, uniq_polyphemus
Shoals:3: argonaut_golden_fleece, layout_shoals, ebering_ghost_disaster_area,
          nicolae_shoals_lost_giant_baths
Shoals:4: shoals_end_grunt_ice, layout_shoals, nicolae_shoals_water_booths
Snake:1:  layout_misc_corridors, serial_shops, nicolae_shop_statue_plus,
          gammafunk_ghost_arena, nicolae_large_snake_swirl, minmay_shop_star,
          uniq_aizul
Snake:2:  layout_rooms, grunt_megastairs_1
Snake:3:  layout_cave_shapes, serial_shops, shop, grunt_megastairs_4,
          uniq_bai_suzhen, uniq_donald
Snake:4:  snake_pit_salamanders_mu, layout_gridlike, serial_shops,
          nicolae_shop_trees, nicolae_snake_salamander_zone
Orc:1:    layout_caves, serial_shops, nicolae_lakefront_shop,
          nicolae_shop_overgrown_old_shop, nicolae_lakefront_shop, shop,
          uniq_erica
Orc:2:    st_orc_town, layout_caves

Skill      XL: |  1  2  3  4  5  6  7  8  9 10 11 12 13 14 15 16 17 18 |
---------------+-------------------------------------------------------+-----
Shields        | 4 7 8 9 10 12 13 | 13.3
Axes           | 3 4 11 12 13 14 15 16 17 18 19 | 19.9
Fighting       | 4 9 10 11 12 13 14 15 16 17 | 17.2
Invocations    | 3 4 6 8 10 11 12 | 12.7
Armour         | 4 6 8 9 11 12 13 | 13.1

Action                   |  1- 3 |  4- 6 |  7- 9 | 10-12 | 13-15 | 16-18 || total
-------------------------+-------+-------+-------+-------+-------+-------++-------
Melee: War axe           |    73 |    45 |       |       |       |       ||   118
       Executioner's axe |       |    17 |    71 |   257 |   563 |   747 ||  1655
Throw: Dart              |       |       |       |     2 |     3 |     4 ||     9
       Throwing net      |       |       |       |     2 |       |       ||     2
       Boomerang         |       |       |       |       |       |    30 ||    30
       Javelin           |       |       |       |       |       |     1 ||     1
Invok: Heroism           |       |       |       |    34 |    34 |    36 ||   104
       Finesse           |       |       |       |     2 |    14 |    30 ||    46
 Abil: Dig               |     3 |    12 |     8 |    50 |    37 |    27 ||   137
       Shaft Self        |       |     2 |     1 |     2 |     6 |       ||    11
Evoke: Wand              |       |       |     3 |     4 |       |    11 ||    18
  Use: Potion            |       |     5 |     3 |     2 |     2 |    11 ||    23
       Scroll            |       |     8 |       |     7 |    12 |     3 ||    30
 Stab: Sleeping          |       |       |       |     1 |     5 |     1 ||     7
       Distracted        |       |       |       |       |     1 |     1 ||     2
Armor: Scale mail        |    30 |    51 |    25 |       |       |       ||   106
       Skin              |       |       |     5 |       |       |       ||     5
       Chain mail        |       |       |       |    28 |       |    81 ||   109
       Plate armour      |       |       |       |    84 |       |   145 ||   229
       Ring mail         |       |       |       |    15 |   197 |    61 ||   273
Dodge: Dodged            |    21 |    52 |    24 |    93 |   166 |   168 ||   524
Block: Kite shield       |    44 |    77 |    35 |   245 |   376 |   422 ||  1199

Table legend: (Time is in decaauts)
 A = Elapsed time spent in this place.
 B = Non-inter-level travel time spent in this place.
 C = Inter-level travel time spent in this place.
 D = Time resting spent in this place.
 E = Time spent auto-exploring this place.
 F = Levels seen in this place.
 G = Mean time per level.
                   A        B        C        D        E       F      G
               +--------+--------+--------+--------+--------+-----+--------+
         Total |   9790 |   9638 |    152 |      0 |      0 |  32 |  305.9 |
       Dungeon |   4637 |   4637 |      0 |      0 |      0 |  15 |  309.1 |
        Temple |      8 |      6 |      2 |      0 |      0 |   1 |    8.0 |
          Lair |   1756 |   1737 |     19 |      0 |      0 |   6 |  292.7 |
        Shoals |    511 |    472 |     39 |      0 |      0 |   4 |  127.8 |
     Snake Pit |   2256 |   2206 |     50 |      0 |      0 |   4 |  564.0 |
  Orcish Mines |    619 |    577 |     42 |      0 |      0 |   2 |  309.5 |
               +--------+--------+--------+--------+--------+-----+--------+

Top non-repeatable levels by time:
 Snake:4: 1167 daAuts
     D:8: 736 daAuts
 Snake:2: 736 daAuts
    D:11: 530 daAuts
    D:12: 530 daAuts
  Lair:6: 467 daAuts
   Orc:2: 427 daAuts
     D:6: 404 daAuts
  Lair:2: 396 daAuts
     D:9: 374 daAuts
     D:4: 361 daAuts
  Lair:3: 338 daAuts
    D:10: 337 daAuts
     D:7: 308 daAuts
     D:3: 275 daAuts
